 Dungeon Crawl Stone Soup version 0.32-a0-876-gcfddb08e57 (webtiles) character file.

Game seed: 14831271983486469065

32 Autsider the Digger (level 3, 0/20 HPs)
             Began as a Gargoyle Earth Elementalist on Mar 31, 2024.
             Slain by Terence
             ... wielding a +0 short sword of draining
              (3 damage)
             ... on level 1 of the Dungeon.
             The game lasted 00:02:22 (820 turns).

Autsider the Digger (Gargoyle Earth Elementalist)    Turns: 820, Time: 00:02:23

Health: 0/20       AC:  5    Str: 11    XL:     3   Next: 27%
Magic:  0/6        EV: 11    Int: 17    God:
Gold:   51         SH:  0    Dex: 10    Spells: 5/6 levels left

rFire   . . .        d - +0 whip
rCold   . . .        (no shield)
rNeg    + . .        a - +0 robe
rPois   ∞            (no helmet)
rElec   +            (no cloak)
rCorr   .            (no gloves)
SInv    .            (no boots)
Will    .....        (no amulet)
Stlth   ++           (no ring)
HPRegen 0.23/turn    (no ring)
MPRegen 0.10/turn

%: no passive effects
@: weak-willed
A: sickness immunity, AC +3, negative energy resistance 1, electricity
resistance, torment resistance 1, petrification resistance
a: no special abilities


You were on level 1 of the Dungeon.
You visited 1 branch of the dungeon, and saw 2 of its levels.

You collected 51 gold pieces.

Inventory:

Hand Weapons
 d - a +0 whip (weapon)
Armour
 a - a +0 robe (worn)
Magical Staves
 g - a staff of air
Scrolls
 e - 4 scrolls of identify {unknown}


   Skills:
 + Level 1.3 Fighting
 - Level 1.5 Dodging
 - Level 2.1 Stealth
 + Level 2.3 Spellcasting
 - Level 1.1 Conjurations
 * Level 4.5 Earth Magic


You had 5 spell levels left.
You knew the following spells:

 Your Spells              Type           Power      Damage    Failure   Level
a - Sandblast             Erth           34%        2d9       3%          1

Your spell library contained the following spells:

 Spells                   Type           Power      Damage    Failure   Level
 Passwall                 Erth           17%        N/A       9%          3
 Stone Arrow              Conj/Erth      22%        3d8       19%         3
 Lesser Beckoning         Tloc           4%         N/A       28%         2
 Teleport Other           Tloc           2%         N/A       50%         3
 Brom's Barrelling Bould  Conj/Erth      11%        2d3       52%         4
 Petrify                  Alch/Erth      9%         N/A       58%         4
 Maxwell's Portable Pile  Tloc           2%         2d(5-10)  88%         4


Dungeon Overview and Level Annotations

Branches:
Dungeon (2/15)

Altars:

Annotations:
D:1 Terence


Innate Abilities, Weirdness & Mutations

You are immune to sickness and miasma.
Your stone body is resilient. (AC +3)
You are immune to poison.
You resist negative energy. (rN+)
You are resistant to electric shocks. (rElec)
You are resistant to unholy torment.
You are immune to petrification.


Message History

Press: ? - help, Shift-Dir - straight line, f/p - Terence
Aim: Terence, wielding a +0 short sword of draining and wearing a +0 chain mail (lightly wounded, weak-willed, 87% to hit)
The blast of sand hits Terence!
Terence is heavily wounded.
Terence misses you.
Casting: Sandblast (safe; 3% risk of failure)
Confirm with . or Enter, or press ? or * to list all spells.
Aiming: Sandblast (safe; 3% risk of failure)
Press: ? - help, Shift-Dir - straight line, f/p - Terence
Aim: Terence, wielding a +0 short sword of draining and wearing a +0 chain mail (heavily wounded, weak-willed, 87% to hit)
The blast of sand hits Terence but does no damage.
Terence is heavily wounded.
Terence completely misses you.
Terence shouts, "ATTACK!!!"
Terence hits you but does no damage.
Casting: Sandblast (safe; 3% risk of failure)
Confirm with . or Enter, or press ? or * to list all spells.
Aiming: Sandblast (safe; 3% risk of failure)
Press: ? - help, Shift-Dir - straight line, f/p - Terence
Aim: Terence, wielding a +0 short sword of draining and wearing a +0 chain mail (heavily wounded, weak-willed, 87% to hit)
The blast of sand hits Terence but does no damage.
Terence is heavily wounded.
Terence hits you with a +0 short sword of draining.
* * * LOW HITPOINT WARNING * * *
Casting: Sandblast (safe; 3% risk of failure)
Confirm with . or Enter, or press ? or * to list all spells.
You don't have enough magic to cast this spell.
You hit Terence but do no damage.
Terence is heavily wounded.
Terence hits you with a +0 short sword of draining.
* * * LOW HITPOINT WARNING * * *
Terence closely misses you.
You barely miss Terence.
Terence is heavily wounded.
Terence hits you but does no damage.
You hit Terence.
Terence is heavily wounded.
Terence hits you with a +0 short sword of draining.
You die...
Terence says, "That felt goooood."

#..#####.####.####.########.
##..#......#...#....# #.
#...#.###..#.###.#### #.
#####)# #..#.###.# ## #.#
#..#.##..# ####### #.#
####.##.## #...... #.#
#.#.÷# #####...... #.#
#...####...#...... #####.#
#@................ #.....#
#.@..###...#...... #######
#....# #...#...... #....#
#...####### #..).# #...#
##### #....# #...# #....
#....# #...# #.... #....#
#...# #.... ###### #####
#.>..


You could see Terence (weak-willed).

Vanquished Creatures
  2 ball pythons (D:1)
  3 bats (D:1)
  An endoplasm (D:1)
  2 giant cockroaches (D:1)
  3 goblins
  5 hobgoblins
  A kobold (D:1)
  4 quokkas (D:1)
  4 frilled lizards
  2 rats (D:1)
27 creatures vanquished.

Notes
Turn   | Place    | Note
-------+----------+-------------------------------------------
     0 | D:1      | Autsider the Gargoyle Earth Elementalist began the quest
                  | for the Orb.
     0 | D:1      | Reached XP level 1. HP: 10/10 MP: 3/3
   117 | D:1      | Reached skill level 4 in Earth Magic
   117 | D:1      | Reached XP level 2. HP: 16/16 MP: 0/5
   315 | D:1      | Reached skill level 1 in Fighting
   466 | D:1      | Reached XP level 3. HP: 20/20 MP: 3/6
   788 | D:2      | Noticed Terence
   820 | D:1      | Slain by Terence

Illustrated notes

Levels and vault maps discovered:
D:1:      elethiomel_arrival_shortcut, layout_basic
D:2:      layout_rooms, basic_altar, grunt_ministairs_3, minmay_misc_feat_room,
          uniq_sigmund, uniq_natasha, uniq_terence

Skill      XL: |  1  2 |
---------------+-------+-----
Earth Magic    | 4 |  4.5
Fighting       | 1 |  1.3
Dodging        | |  1.5
Stealth        | |  2.1
Spellcasting   | |  2.3
Conjurations   | |  1.1

Action                     || total
---------------------------++-------
  Melee: Whip              ||    11
   Cast: Sandblast         ||    47
    Use: Scroll            ||     2
         Potion            ||     1
 Armour: Robe              ||    20
  Dodge: Dodged            ||    24

Table legend: (Time is in decaauts)
 A = Elapsed time spent in this place.
 B = Non-inter-level travel time spent in this place.
 C = Inter-level travel time spent in this place.
 D = Time resting spent in this place.
 E = Time spent auto-exploring this place.
 F = Levels seen in this place.
 G = Mean time per level.
                   A        B        C        D        E       F      G
               +--------+--------+--------+--------+--------+-----+--------+
         Total |    844 |    822 |     22 |     34 |    594 |   2 |  422.0 |
       Dungeon |    844 |    822 |     22 |     34 |    594 |   2 |  422.0 |
               +--------+--------+--------+--------+--------+-----+--------+

Top non-repeatable levels by time:
     D:1: 792 daAuts
     D:2: 52 daAuts
